 Dungeon Crawl Stone Soup version 0.20.1-1-g8b1a95d (webtiles) character file.

184 JohnnyMnemonic the Conjurer (level 5, -7/28 HPs)
             Began as a Deep Elf Conjurer on July 16, 2017.
             Mangled by an ogre
             ... wielding a +0 giant spiked club
              (20 damage)
             ... on level 4 of the Dungeon.
             The game lasted 00:08:13 (5684 turns).

JohnnyMnemonic the Conjurer (Deep Elf Conjurer)     Turns: 5684, Time: 00:08:13

Health: -7/28      AC:  3    Str:  5    XL:     5   Next: 36%
Magic:  5/11       EV: 13    Int: 21    God:
Gold:   171        SH:  0    Dex: 15    Spells: 4/10 levels left

rFire    . . .     SeeInvis +   w - +5 dagger
rCold    . . .     Gourm    .   (no shield)
rNeg     + . .     Faith    .   a - +0 robe
rPois    .         Spirit   .   (no helmet)
rElec    .         Reflect  .   (no cloak)
rCorr    .         Harm     .   v - +0 pair of gloves
MR       .....                  (no boots)
Stlth    ++........             (no amulet)
Regen    0.1/turn               j - ring of positive energy
MPRegen  0.2/turn               o - ring of see invisible

@: no status effects
A: no striking features
a: no special abilities


You were on level 4 of the Dungeon.
You were not hungry.

You visited 1 branch of the dungeon, and saw 4 of its levels.

You collected 171 gold pieces.

Inventory:

Hand Weapons
 d - a +0 short sword
 w - a +5 dagger (weapon)
Armour
 a - a +0 robe (worn)
 v - a +0 pair of gloves (worn)
Jewellery
 j - a ring of positive energy (left hand)
 o - a ring of see invisible (right hand)
Scrolls
 f - 3 scrolls of identify {unknown}
 g - 4 scrolls of magic mapping {unknown}
 h - 4 scrolls of enchant armour {unknown}
 i - 4 scrolls of fear {unknown}
 k - 2 scrolls of remove curse {unknown}
 m - 2 scrolls of teleportation {unknown}
 q - a scroll of blinking {unknown}
 s - a scroll of recharging {unknown}
 t - a scroll of fog {unknown}
 u - 2 scrolls of enchant weapon {unknown}
Potions
 e - 2 potions of haste {unknown}
 n - a potion of flight {unknown}
 p - a potion of heal wounds {unknown}
 x - a potion of curing {unknown}
 z - a potion of agility {unknown}
Books
 b - a book of Conjurations

   Spells                             Type                      Level
   a - Magic Dart                     Conjuration                  1
   b - Searing Ray                    Conjuration                  2
   c - Dazzling Spray                 Conjuration/Hexes            3
   d - Fulminant Prism                Conjuration/Hexes            4
   e - Force Lance                    Conjuration/Translocation    4
   f - Iskenderun's Mystic Blast      Conjuration                  4
Comestibles
 c - 2 bread rations
 l - 2 royal jellies
 r - a meat ration
 A - 4 chunks of flesh


   Skills:
 - Level 2.4 Dodging
 - Level 2.4 Stealth
 - Level 3.0 Spellcasting
 - Level 6.0 Conjurations
 + Level 4.7 Hexes


You had 4 spell levels left.
You knew the following spells:

 Your Spells              Type           Power        Failure   Level  Hunger
a - Magic Dart            Conj           ####         1%          1    None
b - Searing Ray           Conj           ####..       1%          2    ##.....
c - Dazzling Spray        Conj/Hex       ####..       4%          3    ###....


Dungeon Overview and Level Annotations

Branches:
Dungeon (4/15)
 Temple: D:4-7

Altars:
Okawaru

Shops:
D:4 [

Annotations:
D:3 2 transporters


Message History

Press: ? - help, Shift-Dir - straight line, f - ogre
Aim: an ogre, wielding a giant spiked club (hasn't noticed you)
The magic dart hits the ogre.
The ogre is moderately wounded.
The ogre shouts!
The ogre hits you with a giant spiked club!
Ouch! That really hurt!
There is an open door here.
You see here a ring mail.
Casting: Magic Dart
Confirm with . or Enter, or press ? or * to list all spells.
Aiming: Searing Ray
Press: ? - help, Shift-Dir - straight line, f/p - ogre
Aim: an ogre, wielding a giant spiked club (moderately wounded)
The searing ray hits the ogre.
The ogre is heavily wounded. (Press . to maintain the ray.)
The ogre hits you with a giant spiked club!!
Ouch! That really hurt!
You die...

#...#.#######....# #.............
#...#.......'....# #.............
###...#########....# #.............
#..........^....#[####.............
#.#############.#.#.............#..
..# #.#.#.............#.. ###
#.#.#.............#..
..#O#)............###
..#@#######'##....# ..#.# #.##....#
.#.# #..#....# #.# ##.#....# #.#
#.#....# #.# #####......# #.#
#..........# ..# #.......#+##
#.......#.#


You could see an ogre.

Vanquished Creatures
  A howler monkey (D:4)
  4 adders
  An ooze (D:1)
  5 worms
  A dart slug (D:3)
  A leopard gecko (D:3)
  3 orcs
  6 bats
  7 giant cockroaches
  16 goblins
  11 hobgoblins
  4 jackals (D:4)
  2 frilled lizards
  11 kobolds
  9 rats
82 creatures vanquished.

Notes
Turn   | Place    | Note
-------+----------+-------------------------------------------
     0 | D:1      | JohnnyMnemonic the Deep Elf Conjurer began the quest for the Orb.
     0 | D:1      | Reached XP level 1. HP: 10/10 MP: 6/6
   757 | D:1      | Reached XP level 2. HP: 15/15 MP: 6/8
   759 | D:1      | Reached skill level 5 in Conjurations
   890 | D:1      | Learned a level 2 spell: Searing Ray
  1824 | D:1      | Reached XP level 3. HP: 19/19 MP: 4/9
  1829 | D:1      | Learned a level 3 spell: Dazzling Spray
  1960 | D:2      | Found an iron altar of Okawaru.
  2624 | D:2      | Reached skill level 6 in Conjurations
  2837 | D:2      | Reached skill level 1 in Hexes
  2855 | D:2      | Reached XP level 4. HP: 24/24 MP: 4/10
  3444 | D:3      | Found a transporter.
  3844 | D:3      | Found a transporter.
  5114 | D:4      | Reached XP level 5. HP: 28/28 MP: 5/11
  5412 | D:4      | Found Beppani's Antique Armour Shop.
  5677 | D:4      | Noticed an ogre
  5684 | D:4      | Mangled by an ogre

Skill      XL: |  1  2  3  4 |
---------------+-------------+-----
Conjurations   | 5 6 |  6.0
Hexes          | 1 4 |  4.7
Dodging        | |  2.4
Stealth        | |  2.4
Spellcasting   | |  3.0

Action                   |  1- 3 |  4- 6 || total
-------------------------+-------+-------++-------
Melee: Short sword       |     4 |    14 ||    18
       Dagger            |       |    26 ||    26
 Cast: Magic Dart        |    82 |    42 ||   124
       Searing Ray       |     1 |     8 ||     9
  Eat: Chunk             |     6 |     9 ||    15
Armor: Robe              |     2 |     9 ||    11
Dodge: Dodged            |    12 |    62 ||    74
